 Dungeon Crawl Stone Soup version 0.25-a0-667-gb977e01cb5 (webtiles) character file.

Game seed: 5581532123547046100, levelgen mode: deterministic

905 kae the Destroyer (level 8, -3/41 HPs)
             Began as a Tengu Air Elementalist on Mar 27, 2020.
             Shot with an arrow by a centaur (17 damage)
             ... on level 5 of the Dungeon.
             The game lasted 00:06:13 (6469 turns).

kae the Destroyer (Tengu Air Elementalist)          Turns: 6469, Time: 00:06:13

Health: -3/41      AC:  2    Str:  8    XL:     8   Next: 8%
Magic:  12/15      EV: 15    Int: 18    God:
Gold:   280        SH:  0    Dex: 15    Spells: 12/16 levels left

rFire    . . .     SeeInvis .   e - +4 whip (elec)
rCold    . . .     Gourm    .   (no shield)
rNeg     . . .     Faith    .   a - +0 robe
rPois    .         Spirit   .   (helmet restricted)
rElec    .         Reflect  .   (no cloak)
rCorr    .         Harm     .   (no gloves)
MR       .....                  (boots unavailable)
Stlth    ++........             (no amulet)
HPRegen  0.13/turn              (no ring)
MPRegen  0.14/turn              (no ring)

@: flying quickly and evasively, quick
A: beak, talons 3, able to fly
a: Stop Flying


You were on level 5 of the Dungeon.
You were very hungry.

You visited 1 branch of the dungeon, and saw 5 of its levels.

You collected 280 gold pieces.

Inventory:

Hand Weapons
 e - a +4 whip of electrocution (weapon)
Armour
 a - a +0 robe (worn)
Jewellery
 t - a cursed ring of teleportation {unknown}
Wands
 f - a wand of acid (11)
 s - a wand of paralysis (10)
 v - a wand of iceblast (5)
Scrolls
 d - a scroll of remove curse
 j - 4 scrolls of teleportation
 p - a scroll of magic mapping
 q - 2 scrolls of identify
 u - a scroll of enchant weapon
Potions
 b - 2 potions of mutation {unknown}
 g - a potion of invisibility {unknown}
 i - a potion of resistance
 k - a potion of heal wounds {unknown}
 l - 2 potions of stabbing {unknown}
 m - 2 potions of lignification {unknown}
 n - 3 potions of curing
 o - 3 potions of haste {unknown}
 r - a potion of cancellation {unknown}
Comestibles
 c - 10 rations


   Skills:
 - Level 2.1 Dodging
 - Level 2.0 Stealth
 + Level 4.5 Spellcasting
 * Level 8.3 Conjurations
 + Level 7.0 Air Magic


You had 12 spell levels left.
You knew the following spells:

 Your Spells              Type           Power        Failure   Level  Hunger
a - Shock                 Conj/Air       ####         1%          1    None
b - Static Discharge      Conj/Air       ####....     1%          3    ###....

Your spell library contained the following spells:

 Spells                   Type           Power        Failure   Level  Hunger
 Swiftness                Chrm/Air       ###.....     4%          2    #......
 Airstrike                Air            ####......   8%          4    ####...
 Lightning Bolt           Conj/Air       ####......   17%         5    ######.


Dungeon Overview and Level Annotations

Branches:
Dungeon (5/15)
 Temple: D:4-7

Altars:
Ashenzari
Cheibriados
Nemelex Xobeh
Sif Muna
Uskayaw


Innate Abilities, Weirdness & Mutations

You have a beak for a mouth.
You have claws for feet.
You can fly continuously.


Message History

Press: ? - help, Shift-Dir - straight line, f/p - crimson imp
Aim: a crimson imp The zap hits the crimson imp.
The crimson imp is heavily wounded.
Casting: Shock (safe; 1% risk of failure)
Confirm with . or Enter, or press ? or * to list all spells.
Aiming: Shock (safe; 1% risk of failure)
Press: ? - help, Shift-Dir - straight line, p - crimson imp The zap hits the crimson imp.
The crimson imp is severely wounded.
The zap hits the crimson imp.
You kill the crimson imp!
Your Air Magic skill increases to level 7!
You see here a ring mail.
You start resting.
The centaur is too close now for your liking.
The centaur shoots an arrow.
The arrow hits you!
You see here an arrow.
The centaur shoots an arrow.
The arrow hits you!
You die...

..>........###...###....#
<........#.#.#.#.#.#.#..##
...........##.#.#.##.....#
........###..#.#.#..###..#
........#(..#.#.#.#...#..#
........###..#.#.#..###..#
...........##.#.#c##)....#
.........#.#.#.#.#.#.#...#
...........###..@###.....#
##......###...#(#...###..#
######.# #.#.#[#.#.# #..#
#..##...###...##...#
##[.......ยง........#
.............##.##
.......(........#
.......!.....####
.............#


You could see a centaur.

Vanquished Creatures
  An ice beast (D:5)
  An ogre (D:4)
  A scorpion (D:4)
  A howler monkey (D:4)
  2 crimson imps (D:5)
  2 bullfrog zombies (D:5)
  A bullfrog skeleton (D:5)
  2 hounds (D:5)
  4 orc wizards
  A centaur skeleton (D:4)
  Jessica (D:3)
  2 worker ants
  7 adders
  A shadow imp (D:4)
  An adder zombie (D:5)
  4 worms
  A dart slug (D:1)
  4 leopard geckos
  26 orcs
  3 ball pythons
  4 bats (D:3)
  3 giant cockroaches
  7 hobgoblins
  3 jackals (D:1)
  3 quokkas
  5 frilled lizards
  8 goblins
  A jackal skeleton (D:4)
  12 kobolds
  10 rats
122 creatures vanquished.

Notes
Turn   | Place    | Note
-------+----------+-------------------------------------------
     0 | D:1      | kae the Tengu Air Elementalist began the quest for the Orb.
     0 | D:1      | Reached XP level 1. HP: 10/10 MP: 4/4
    93 | D:1      | Reached skill level 2 in Conjurations
   361 | D:1      | Reached XP level 2. HP: 14/15 MP: 3/6
  1091 | D:2      | Reached XP level 3. HP: 19/19 MP: 2/7
  1118 | D:2      | Learned a level 3 spell: Static Discharge
  1118 | D:2      | Reached skill level 3 in Conjurations
  2091 | D:2      | Found a sparkling altar of Nemelex Xobeh.
  2130 | D:2      | Reached XP level 4. HP: 9/24 MP: 0/8
  2767 | D:2      | Reached skill level 4 in Conjurations
  2896 | D:3      | Reached skill level 5 in Air Magic
  2896 | D:3      | Gained mutation: You can fly continuously. [Tengu growth]
  2896 | D:3      | Reached XP level 5. HP: 26/28 MP: 4/10
  3720 | D:3      | Reached skill level 5 in Conjurations
  4053 | D:3      | Noticed Jessica
  4058 | D:3      | Killed Jessica
  4102 | D:3      | Found a shimmering blue altar of Sif Muna.
  4227 | D:4      | Found a snail-covered altar of Cheibriados.
  4241 | D:4      | Found a shattered altar of Ashenzari.
  4248 | D:4      | Reached XP level 6. HP: 32/32 MP: 5/11
  4544 | D:4      | Reached skill level 6 in Conjurations
  4922 | D:4      | Reached XP level 7. HP: 36/36 MP: 9/13
  5145 | D:4      | Reached skill level 7 in Conjurations
  5341 | D:4      | Found a hide-covered altar of Uskayaw.
  5671 | D:5      | Entered Level 5 of the Dungeon
  6047 | D:5      | Reached skill level 8 in Conjurations
  6342 | D:5      | Reached XP level 8. HP: 36/41 MP: 8/15
  6469 | D:5      | Shot with an arrow by a centaur

Levels and vault maps discovered:
D:1:      dpeg_arrival_court, layout_basic, minmay_vboxes
D:2:      minmay_wonky_spiral, layout_basic, nemelex_xobeh_ov_fountains_minmay
D:3:      layout_loops_ring, glass_columns_a, st_stairs_3, tgw_sif
D:4:      layout_basic, lemuel_round_altar, cheibriados_altar_1,
          cheibrodos_ashenzari_chains, minmay_bisected
D:5:      kennysheep_steamy, layout_basic, first_ration, basic_altar,
          minmay_starry_boxes

Skill      XL: |  1  2  3  4  5  6  7  8 |
---------------+-------------------------+-----
Conjurations   | 2 3 4 5 6 8 |  8.3
Air Magic      | 5 6 7 |  7.0
Spellcasting   | 3 4 |  4.5
Dodging        | |  2.1
Stealth        | |  2.0

Action                   |  1- 3 |  4- 6 |  7- 9 || total
-------------------------+-------+-------+-------++-------
Melee: Unarmed           |    25 |    18 |       ||    43
       Kick              |    10 |     5 |     4 ||    19
       Peck              |     5 |     3 |       ||     8
       Whip              |       |    30 |    12 ||    42
 Cast: Shock             |    73 |    85 |    82 ||   240
       Static Discharge  |       |     4 |       ||     4
 Abil: Fly               |       |     1 |       ||     1
  Use: Scroll            |     1 |    10 |     4 ||    15
 Stab: Sleeping          |       |     4 |       ||     4
  Eat: Chunk             |     4 |    10 |     3 ||    17
Armor: Robe              |     1 |     8 |     1 ||    10
Dodge: Dodged            |    16 |    43 |    33 ||    92

Table legend:
 A = Non-vault XP
 B = Vault XP
 C = Vault XP percentage of total XP
 D = Non-vault monster count
 E = Vault monster count
 F = Vault count percentage of total count
                 A         B        C        D         E       F
            +---------+---------+-------+---------+---------+-------
      Total |    1066 |     228 |  17.6 |     104 |      18 |  14.8
            +---------+---------+-------+---------+---------+-------
        D:1 |      17 |      14 |  45.2 |      10 |       6 |  37.5
        D:2 |      94 |       4 |   4.1 |      28 |       3 |   9.7
        D:3 |     115 |      44 |  27.7 |      31 |       4 |  11.4
        D:4 |     450 |      76 |  14.4 |      25 |       3 |  10.7
        D:5 |     390 |      90 |  18.8 |      10 |       2 |  16.7
            +---------+---------+-------+---------+---------+-------
